 Dungeon Crawl Stone Soup version 0.31-a0-819-gf6de2f5ab6 (webtiles) character file.

Game seed: 10678306690656246348

223 qw the Shooter (level 6, -5/37 HPs)
             Began as a Gargoyle Hunter on Sept 23, 2023.
             Slain by an ogre
             ... wielding a +0 giant club
              (12 damage)
             ... on level 3 of the Dungeon.
             The game lasted 00:00:40 (1615 turns).

qw the Shooter (Gargoyle Hunter)                    Turns: 1615, Time: 00:00:41

Health: -5/37      AC: 11    Str: 19    XL:     6   Next: 0%
Magic:  6/6        EV: 11    Int: 10    God:
Gold:   184        SH:  0    Dex: 15    Spells: 5/5 levels left

rFire   x . .        Y - +0 shortbow
rCold   + . .        (shield currently unavailable)
rNeg    + . .        d - +0 ring mail
rPois   inf          (no helmet)
rElec   +            (no cloak)
rCorr   .            (no gloves)
SInv    .            f - +0 pair of boots
Will    +....        a - amulet "Juejuryu" {Fly rF- rC+ Regen+ Str+5}
Stlth   +            k - ring of willpower
HPRegen 1.06/turn    (no ring)
MPRegen 0.10/turn

%: no passive effects
@: flying
A: sickness immunity, AC +4, negative energy resistance 1, electricity
resistance, torment resistance 1, petrification resistance
a: no special abilities


You were on level 3 of the Dungeon.
You visited 1 branch of the dungeon, and saw 3 of its levels.

You collected 184 gold pieces.


Innate Abilities, Weirdness & Mutations

You are immune to sickness and miasma.
Your stone body is resilient. (AC +4)
You are immune to poison.
You resist negative energy. (rN+)
You are resistant to electric shocks. (rElec)
You are resistant to unholy torment.
You are immune to petrification.


   Skills:
 - Level 3.0 Fighting
 + Level 5.0 Ranged Weapons
 - Level 4.6 Armour
 - Level 1.5 Dodging
 - Level 1.1 Stealth


You had 5 spell levels left.
You didn't know any spells.
Your spell library was empty.

Inventory:

Hand Weapons
 Y - a +0 shortbow (weapon)
Armour
 d - a +0 ring mail (worn)
 f - a +0 pair of boots (worn)
 i - a +1 cloak
Jewellery
 a - the amulet "Juejuryu" (around neck) {Fly rF- rC+ Regen+ Str+5}
   (You acquired it on level 1 of the Dungeon)

   [amulet of regeneration]

   Str+5:     It affects your strength (+5).
   rF-:       It makes you vulnerable to fire.
   rC+:       It protects you from cold.
   Fly:       It grants you flight.
   Regen+:    It increases your rate of health regeneration.
 k - a ring of willpower (left hand)
Scrolls
 j - a scroll of identify
Potions
 b - 3 potions of enlightenment {unknown}
 c - a potion of lignification {unknown}
 e - a potion of berserk rage {unknown}
 g - a potion of invisibility {unknown}
 h - a potion of magic {unknown}

Dungeon Overview and Level Annotations

Branches:
Dungeon (3/15)

Altars:
Fedhas
Hepliaklqana


Message History

The ball python barely misses you. The ball python constricts you.
The ball python bites you but does no damage.
The ball python constricts you.
You shoot an arrow.
The arrow hits the ball python but does no damage.
The ball python is severely wounded.
The ball python bites you but does no damage.
The ball python constricts you.
You shoot an arrow. The arrow hits the ball python!
You kill the ball python!
You have reached level 6!
You see here a ball python corpse.
Found a stone staircase leading down.
You see here a wand of quicksilver (3).
You now have 184 gold pieces (gained 9).
As you open the door, it creaks loudly!
There is an open door here.
Found a stone staircase leading up.
Enter note:
There is an open door here.
You reach down and open the door.
An ogre comes into view. It is wielding a +0 giant club.
Found 7 gold pieces.
Found an escape hatch in the floor.
You shoot an arrow.
The arrow hits the ogre but does no damage.
The ogre shouts!
You shoot an arrow. The arrow barely misses the ogre.
The ogre closely misses you.
You shoot an arrow. The arrow hits the ogre.
The ogre is lightly wounded.
The ogre hits you with a +0 giant club.
You shoot an arrow. The arrow hits the ogre!
The ogre is heavily wounded.
You shoot an arrow. The arrow barely misses the ogre.
The ogre hits you with a +0 giant club!!
Ouch! That really hurt!
You shoot an arrow. The arrow hits the ogre.
The ogre is severely wounded.
The ogre hits you with a +0 giant club!
You die...

# # ##+ ###.###### #
####...##...## #
#....7.'..7.<####### ##
#.#....##...##.....###.
#.#...@######/.........
#.#####O$##.........##.
#..# ...#........####
##.## .7.#.>......# #
#..###...#.######## .
##...##> #.# .
###..####.# . ##......#
########


You could see an ogre.

Vanquished Creatures
  Sigmund (D:2)
  3 adders
  5 ball pythons
  3 bats
  8 endoplasms
  3 giant cockroaches
  5 goblins
  3 hobgoblins
  3 jackals (D:2)
  2 quokkas
  2 frilled lizards
  6 kobolds
  2 rats
46 creatures vanquished.

Notes
Turn   | Place    | Note
-------+----------+-------------------------------------------
     0 | D:1      | qw the Gargoyle Hunter began the quest for the Orb.
     0 | D:1      | Reached XP level 1. HP: 12/12 MP: 1/1
     0 | D:1      | 0 ||| qw: Version: 0.3-a-83-gcd0e7d8
     0 | D:1      | 0 ||| qw: Game counter: 1534
     0 | D:1      | 0 ||| qw: Melee chars always use a shield: true
     0 | D:1      | 0 ||| qw: God list: Okawaru
     0 | D:1      | 0 ||| qw: Allow faded altars: false
     0 | D:1      | 0 ||| qw: Do Orc after clearing Dungeon:15 true
     0 | D:1      | 0 ||| qw: Do second Lair branch before Depths: true
     0 | D:1      | 0 ||| qw: Lair rune preference: random
     0 | D:1      | 0 ||| qw: Goals: Normal
     0 | D:1      | 0 ||| PLANNING D:1-11
    70 | D:1      | Reached XP level 2. HP: 17/17 MP: 2/2
   573 | D:1      | 573 ||| UPGRADING to +0 ring mail.
   583 | D:1      | 583 ||| DROPPING +0 leather armour.
   584 | D:1      | 584 ||| UPGRADING to ring of willpower.
   585 | D:1      | 585 ||| READING scroll labelled POABIO KYDU.
   588 | D:1      | 588 ||| READING scroll labelled MEK QOUBANIRGH.
   588 | D:1      | Identified a scroll of acquirement
   588 | D:1      | 588 ||| ACQUIRING amulet "Juejuryu" {Fly rF- rC+ Regen+
                  | Str+5}
   588 | D:1      | Acquired the amulet "Juejuryu" {Fly rF- rC+ Regen+ Str+5}
   590 | D:1      | 590 ||| UPGRADING to amulet "Juejuryu" {Fly rF- rC+ Regen+
                  | Str+5}.
   636 | D:1      | 636 ||| READING scroll labelled LELYSU MEFEZXA.
   637 | D:1      | 637 ||| READING scroll labelled QIVAOV TYEFF.
   638 | D:1      | 638 ||| DROPPING scroll of butterflies.
   694 | D:2      | Noticed Sigmund
   705 | D:2      | Killed Sigmund
   706 | D:2      | Reached XP level 3. HP: 13/21 MP: 3/3
   706 | D:2      | Reached XP level 4. HP: 16/26 MP: 4/4
   706 | D:2      | Reached XP level 5. HP: 19/30 MP: 5/5
   789 | D:2      | Reached skill level 5 in Ranged Weapons
  1361 | D:2      | 1361 ||| UPGRADING to +0 pair of boots.
  1504 | D:3      | Reached skill level 3 in Fighting
  1504 | D:3      | Found a blossoming altar of Fedhas.
  1507 | D:3      | Found a hazy altar of Hepliaklqana.
  1546 | D:3      | Reached XP level 6. HP: 37/37 MP: 6/6
  1614 | D:3      | HP: 6/37 [ogre/+0 giant club (31)]
  1615 | D:3      | Slain by an ogre

Levels and vault maps discovered:
D:1:      grunt_arrival_lava_bath, layout_loops_cross
D:2:      layout_loops_ring, minmay_misc_feat_secret_circle, moated_statue,
          chequers_serial_rivers_large_b, uniq_sigmund
D:3:      layout_rooms, bloody_makhleb, okawaru_altar_gauntlet_db,
          nicolae_overflow_hidden_temple, nicolae_ecumenical_snake_handling,
          grunt_ministairs_4, chequers_avenue

Skill      XL: |  1  2  3  4  5 |
---------------+----------------+-----
Armour         | 4 |  4.6
Ranged Weapons | 5 |  5.0
Fighting       | 3 |  3.0
Dodging        | |  1.5
Stealth        | |  1.1

Action                     |  1- 3 |  4- 6 || total
---------------------------+-------+-------++-------
   Fire: Shortbow          |    54 |   103 ||   157
    Use: Scroll            |     4 |       ||     4
 Armour: Ring mail         |     4 |    37 ||    41
         Leather armour    |     2 |       ||     2
  Dodge: Dodged            |     2 |    22 ||    24

Table legend:
 A = Non-vault XP
 B = Vault XP
 C = Vault XP percentage of total XP
 D = Non-vault monster count
 E = Vault monster count
 F = Vault count percentage of total count
                 A         B        C        D         E       F
            +---------+---------+-------+---------+---------+-------
      Total |     112 |     207 |  64.9 |      44 |       2 |   4.3
            +---------+---------+-------+---------+---------+-------
        D:1 |      31 |       0 |   0.0 |      17 |       0 |   0.0
        D:2 |      62 |     206 |  76.9 |      22 |       1 |   4.3
        D:3 |      19 |       1 |   5.0 |       5 |       1 |  16.7
            +---------+---------+-------+---------+---------+-------
